 Dungeon Crawl Stone Soup version 0.27-b1-42-g19c61b19a5 (webtiles) character file.

Game seed: 815716065799347977

45 Sin92 the Skirmisher (level 3, -3/43 HPs)
             Began as a Demonspawn Fighter on July 29, 2021.
             Slain by a gnoll (5 damage)
             ... on level 2 of the Dungeon.
             The game lasted 00:01:03 (1405 turns).

Sin92 the Skirmisher (Demonspawn Fighter)           Turns: 1405, Time: 00:01:03

Health: -3/43      AC: 21    Str: 16    XL:     3   Next: 42%
Magic:  3/3        EV:  2    Int:  9    God:
Gold:   94         SH:  9    Dex: 13    Spells: 2/2 levels left

rFire    . . .     SeeInvis .   a - +0 war axe
rCold    . . .     Faith    .   c - +0 kite shield
rNeg     + + +     Spirit   .   (armour currently unavailable)
rPois    +         Reflect  .   (helmet currently unavailable)
rElec    .         Harm     .   (cloak currently unavailable)
rCorr    .         Rampage  .   (gloves currently unavailable)
Will     .....     NoTele   +   (boots currently unavailable)
Stlth    +.........             (no amulet)
HPRegen  0.14/turn              (no ring)
MPRegen  0.08/turn              (no ring)

@: mighty, tree-form (expiring)
A: stationary, stasis, torment immunity, boosted hp, (horns 1), (spiny 1)
a: no special abilities


You were on level 2 of the Dungeon.
You were a tree.
You visited 1 branch of the dungeon, and saw 2 of its levels.

You collected 94 gold pieces.

Inventory:

Hand Weapons
 a - a +0 war axe (weapon)
Armour
 b - a +0 scale mail (melded)
 c - a +0 kite shield (worn)
Scrolls
 e - a scroll of vulnerability {unknown}
 f - a scroll of identify {unknown}


   Skills:
 + Level 3.2 Fighting
 * Level 2.5 Axes
 + Level 0.2(1.5) Polearms
 + Level 2.9 Armour
 + Level 0.8 Dodging
 + Level 2.9 Shields


You had 2 spell levels left.
You didn't know any spells.
Your spell library was empty.

Dungeon Overview and Level Annotations

Branches:
Dungeon (2/15)

Altars:

Shops:
D:1 (


Innate Abilities, Weirdness & Mutations

You are a tree.
Your roots penetrate the ground, keeping you stationary.
You cannot be teleported.
You are immune to unholy pain and torment.
Your maximum health is greatly increased.
Your equipment is partially melded.
((You have a pair of small horns on your head.))
((You are partially covered in sharp spines.))


Message History

Unknown command.
As you read the scroll labelled RELLIDEDDAD, it crumbles to dust.
You feel aware of your surroundings.
It was a scroll of magic mapping.
You block the gnoll's attack.
As you read the scroll labelled VAPAMN ELAASS, it crumbles to dust.
Your body is wracked with pain!
* * * LOW HITPOINT WARNING * * *
The gnoll convulses! x3; The adder convulses!
It was a scroll of torment.
The gnoll closely misses you.
It was a potion of curing.
You feel better.
The gnoll hits you from afar with a +0 spear.
* * * LOW HITPOINT WARNING * * *
It was a potion of lignification.
You turn into a tree.
Your +0 scale mail melds into your body.
Your roots penetrate the ground.
The gnoll hits you but does no damage.
You feel better. You block the gnoll's attack.
You feel very mighty all of a sudden. The gnoll hits you but does no damage.
You swing at nothing.
The gnoll hits you from afar with a +0 spear.
* * * LOW HITPOINT WARNING * * *
You swing at nothing.
The gnoll hits you but does no damage.
You swing at nothing.
You block the gnoll's attack.
The gnoll hits you from afar with a +3 vorpal spear.
* * * LOW HITPOINT WARNING * * *
x2 You swing at nothing.
The gnoll hits you from afar with a +3 vorpal spear.
* * * LOW HITPOINT WARNING * * *
x2 You swing at nothing.
The gnoll hits you but does no damage. x2
You swing at nothing.
The gnoll hits you but does no damage.
You swing at nothing.
You block the gnoll's attack. x2
You swing at nothing.
You block the gnoll's attack. The gnoll hits you but does no damage.
You swing at nothing.
You block the gnoll's attack.
You swing at nothing.
The gnoll hits you but does no damage. x2
You swing at nothing.
Your transformation is almost over.
The gnoll hits you but does no damage.
The gnoll hits you from afar with a +3 vorpal spear.
You die...

##### #...# #...# #...#
###########...#
*****########gg.♣......<.>####
,,,,,.......gg#########......#
**,***#....).## #......#
**,,,*#.>....# #......####
*,,*,........# ####.......
,,***#.......#
*########...###. ,,* #.......#
*...........# #. ,,* #.......#
*...........# #. *,**
#.......# *.....>.#..## #.


You could see 3 gnolls and a hobgoblin.

Vanquished Creatures
  A gnoll (D:2)
  An adder (D:2)
  3 ball pythons (D:1)
  3 endoplasms
  5 goblins (D:1)
  4 hobgoblins (D:1)
  A quokka (D:1)
  3 bats (D:1)
  A frilled lizard (D:1)
  A kobold (D:1)
  2 rats
25 creatures vanquished.

Notes
Turn   | Place    | Note
-------+----------+-------------------------------------------
     0 | D:1      | Sin92 the Demonspawn Fighter began the quest for the Orb.
     0 | D:1      | Reached XP level 1. HP: 18/18 MP: 1/1
   100 | D:1      | Gained mutation: You have a pair of small horns on your
                  | head. [demonic ancestry]
   100 | D:1      | Reached XP level 2. HP: 24/24 MP: 2/2
   152 | D:1      | Found a faded altar of an unknown god.
  1028 | D:1      | Found Gibu's Antique Weapon Boutique.
  1369 | D:2      | Gained mutation: You are partially covered in sharp spines.
                  | [demonic ancestry]
  1369 | D:2      | Reached XP level 3. HP: 29/29 MP: 3/3
  1398 | D:2      | HP: 2/43 [gnoll (6)]
  1405 | D:2      | Slain by a gnoll

Illustrated notes

Levels and vault maps discovered:
D:1:      kennysheep_arrival_forest, layout_basic, serial_shops,
          nicolae_shop_crystal, dreamdust_ecumenical_altar_angels_and_demons
D:2:      layout_rooms

Skill      XL: |  1 |
---------------+----+-----
Axes           | 2 |  2.5
Fighting       | |  3.2
Polearms       | |  0.2
Armour         | |  2.9
Dodging        | |  0.8
Shields        | |  2.9

Action                   || total
-------------------------++-------
Melee: War axe           ||    57
       Headbutt          ||     9
  Use: Potion            ||     4
       Scroll            ||     2
Armor: Scale mail        ||    23
       Skin              ||    10
Dodge: Dodged            ||    24
Block: Kite shield       ||    30
